[Event "Danish Skakligaen 2024-25"]
[Site "Denmark"]
[Date "2024.11.02"]
[Round "1.3"]
[White "Schandorff, Lars"]
[Black "Abildlund, Jens"]
[Result "1/2-1/2"]
[ECO "D05"]
[WhiteElo "2471"]
[BlackElo "2181"]
[Annotator "TA"]
[PlyCount "140"]
[EventDate "2024.11.02"]
[EventType "team-tourn"]
[EventCountry "DEN"]
[SourceTitle "playchess.com"]
[Source "ChessBase"]
[SourceQuality "1"]
[TimeControl "40/5400+30:1800+30"]

1. d4 d5 2. Nf3 Nf6 3. e3 e6 4. Bd3 c5 5. c3 Nc6 6. O-O Bd6 7. Nbd2 O-O 8. dxc5 Bxc5 9. b4 Bd6 10. Bb2 b6 11. a3 Bb7 12. c4 Rc8 {[%emt 0:03:43] D05: Colle System with ...e6.} 13. Qe2 Qe7 14. Rfd1 Rfd8 $146 ({Predecessor:} 14... Nb8 15. Bxf6 Qxf6 16. cxd5 exd5 17. Nb3 Rfe8 18. Nbd4 Bf8 19. Bf5 Rcd8 20. Rac1 g6 {1-0 Utegaliev,A (2503)-Mezentsev,I (2351) Almaty op 2019 (3)}) 15. Rac1 Bb8 16. cxd5 Nxd5 17. Nb3 f6 18. Ba6 Qf7 19. g3 Ne5 20. Bxb7 Qxb7 21. e4 Nxf3+ 22. Qxf3 Ne7 23. Qg4 Kf7 24. Nd4 Rd6 25. e5 Rxc1 $2 (25... fxe5 $16 26. Nf3 (26. Nxe6 $2 Rxe6 27. Qh5+ Kg8 $19) 26... Nf5 27. Bxe5 (27. Nxe5+ Kf8 $18) 27... Rxd1+ 28. Rxd1 Kg8 29. Bxb8 Rxb8) 26. Rxc1 $18 fxe5 27. Nf3 Rc6 28. Re1 (28. Nxe5+ Bxe5 29. Rxc6 Qxc6 $11 (29... Nxc6 30. Qh5+ Kf8 31. Bxe5 $11)) 28... Nf5 $2 (28... Ng6 29. b5 (29. Nxe5+ Bxe5 30. Bxe5 Nxe5 $11) 29... Rc2 30. Ng5+ (30. Bxe5 Bxe5 31. Nxe5+ Nxe5 $14) (30. Nxe5+ Bxe5 31. Bxe5 Qd5 $11) 30... Ke8 31. Qxe6+ (31. Nxh7 Qf7 $11) 31... Qe7) 29. Qh5+ $18 (29. Nxe5+ Bxe5 30. Bxe5 Qc8 $16) 29... Kf8 30. Qxh7 (30. Nxe5 Bxe5 31. Bxe5 h6 $16) 30... Rc2 31. Qh8+ (31. Bxe5 Qxf3 32. Bxg7+ Ke8 33. Qg8+ Kd7 34. Qxe6+ Kc7 35. Qf7+ Kc6 $17) (31. Nxe5 Rxb2 32. Ng6+ Kf7 33. Nh8+ Kf8 34. Ng6+ Kf7 35. Nh8+ Kf8 36. Ng6+ $11) 31... Ke7 32. Nh4 (32. Bxe5 $2 Qxf3 $19) (32. Nxe5 Rxb2 33. Ng6+ Kf6 $11) 32... Kf6 33. Qd8+ $2 (33. Qf8+ Kg5 34. Qd8+ (34. Bxe5 $2 Rc8 $19) 34... Kh6 35. Qh8+ (35. Bxe5 Kh7 $18) 35... Kg5 36. Bxe5 (36. Bc1+ Rxc1 37. Rxc1 Bd6 $18) 36... Bxe5 37. Qe8 (37. Nxf5 Qf3 $11) (37. Qh7 Nxh4 38. gxh4+ Kf6 $18)) 33... Kf7 $18 {[%emt 0:00:29] [#]} 34. Rd1 $1 (34. Bxe5 $2 {perishes.} Bxe5 35. Nxf5 exf5 $19) 34... Nd4 35. Bxd4 exd4 36. Qxd4 ({Less strong is} 36. Rxd4 Rc1+ 37. Rd1 Rxd1+ 38. Qxd1 Qd5 $16) 36... Qc6 37. Qd3 (37. b5 $18 Qc8 38. Nf3) 37... Be5 $2 (37... Rc1 $16 {is more resistant.} 38. Rxc1 Qxc1+ 39. Kg2 Qc6+ 40. Nf3 a5) 38. Nf3 $2 (38. Qg6+ $18 Ke7 39. Nf3 Qxf3 40. Qxc2) 38... Bf6 $16 39. Kg2 Rc3 40. Qd7+ Kg6 41. Qxc6 Rxc6 42. Rd3 a5 43. bxa5 bxa5 44. Nd2 a4 45. Kf3 Bb2 46. Ke4 (46. Nf1 $16) 46... Rc2 $11 47. f4 Bxa3 48. Rxa3 Rxd2 49. h4 Kh5 (49... Rc2 $11 {remains equal.}) 50. Rxa4 $16 Kg4 51. Ra7 (51. f5 $1 $16 {Intending Ke3+ and mate.} e5 52. Kxe5+ (52. f6 gxf6 53. Ke3+ Rd4 $11) 52... Kxg3 53. Ke6) 51... Kxg3 $11 52. Rxg7+ Kxh4 53. Rg6 Rd6 54. Ke5 Ra6 55. Rxe6 Ra5+ 56. Ke4 Ra4+ 57. Kf5 Ra5+ 58. Re5 Ra6 59. Rd5 Rb6 60. Ke4 Rb4+ 61. Kf5 Rb6 62. Re5 Ra6 63. Re6 Ra5+ 64. Kg6 Kg4 65. Rf6 Ra8 $1 66. f5 Rg8+ $1 67. Kh6 Kf4 68. Rf7 Ke5 69. f6 Kf5 70. Kh7 Rg6 1/2-1/2

[Event "Danish Skakligaen 2024-25"]
[Site "Denmark"]
[Date "2024.11.02"]
[Round "1.3"]
[White "Pajeken, Jakob Leon"]
[Black "Smith, Axel"]
[Result "1-0"]
[ECO "B27"]
[WhiteElo "2417"]
[BlackElo "2433"]
[Annotator "TA"]
[PlyCount "99"]
[EventDate "2024.11.02"]
[EventType "team-tourn"]
[EventCountry "DEN"]
[SourceTitle "playchess.com"]
[Source "ChessBase"]
[SourceQuality "1"]
[TimeControl "40/5400+30:1800+30"]

1. e4 c5 2. Nf3 g6 3. c3 d5 4. e5 Nc6 5. Bb5 Bg4 6. O-O Qb6 7. Bxc6+ bxc6 8. d3 {[%emt 0:01:53] White has an edge.} Bg7 9. Re1 Nh6 10. Nbd2 O-O 11. h3 Bxf3 12. Nxf3 f6 13. Qc2 Nf7 14. exf6 exf6 15. Be3 Ne5 16. Nd2 (16. b4 $16 {Nxe5 would now be deadly.} Nxf3+ 17. gxf3) 16... Qa6 {[%emt 0:15:07] [#]} 17. c4 $1 Rfd8 18. Bxc5 dxc4 19. d4 (19. dxc4 Nd3 20. b4 Nxe1 21. Rxe1 f5 $16) 19... Nd3 20. Re6 (20. Qxc4+ Qxc4 21. Nxc4 Nxe1 22. Rxe1 f5 $15) (20. Re7 {feels hotter.} Bf8 21. Re6 Kf7 22. Nxc4 Nxc5 23. dxc5 Rd4 24. Re4) 20... Rd5 21. Nxc4 Nxc5 22. dxc5 Rxc5 23. b3 {[%emt 0:00:32] White is more active.} Rd8 24. Rae1 {[%emt 0:01:19] aiming for Re8+.} Qc8 (24... Rcd5 $16 25. g3 f5) 25. Re7 a5 $2 (25... Bf8 $16) 26. Qe2 $18 {[%emt 0:03:28][%cal Oc4d6] Threatens to win with Nd6!} Bf8 27. Ra7 (27. Nb6 Qf5 28. g4) 27... Qf5 (27... Rb5 $142) 28. g4 Qd5 29. Qe6+ Qxe6 30. Rxe6 f5 31. Kg2 ({Resist} 31. Rxa5 $6 Rxa5 32. Nxa5 fxg4 $14) (31. Nxa5 Rc2 32. Nxc6 Rd1+ 33. Kg2 Rdd2 $11) 31... fxg4 32. hxg4 (32. Rxa5 gxh3+ 33. Kxh3 Rxa5 34. Nxa5 Rd2 $15) 32... Rg5 $2 {[%emt 0:02:06][%mdl 8192] This move loses the game for Black.} (32... Rcd5 $16 33. Rxc6 (33. Nxa5 Bc5 $14) 33... Re8) 33. Ne5 $1 ({Not} 33. Rxa5 Rxg4+ 34. Kf3 Rg1 $11) 33... Bc5 (33... Rd6 {is a better defense.} 34. Rxd6 (34. Re8 Rf6 $18) 34... Bxd6) 34. Rxa5 Bb6 35. Ra6 Bc7 36. f4 Bxe5 37. fxg5 {[%emt 0:00:19][%mdl 4096] Endgame. KRR-KRB} Bf4 38. Ra5 Bc7 39. Ra4 Rd2+ 40. Kf3 Bd8 41. Ra7 Kf8 {[%emt 0:03:01] Against Re8+} 42. Rxc6 Bxg5 43. Rc8+ Bd8 44. Raa8 Ke7 {[%emt 0:00:06] [#]} 45. Rxd8 $1 Rxd8 (45... Rh2 46. g5) 46. Rxd8 {[%emt 0:00:00] White mates.} Kxd8 47. g5 Ke7 48. a4 Kd6 49. a5 h5 50. gxh6 {[%emt 0:00:00] Weighted Error Value: White=0.31/Black=0.35.  Loses game:     	---       	Black=2      Mistake:       	White=1     	Black=2      Inaccurate:     	---       	Black=4      OK:         	White=15    	Black=11     Best:        	White=2     	Black=1      Strong:       	White=2     	---} 1-0

[Event "Danish Skakligaen 2024-25"]
[Site "Denmark"]
[Date "2024.11.02"]
[Round "1.3"]
[White "Haubro, Martin"]
[Black "Hald Falkesgaard, Jeppe"]
[Result "1-0"]
[ECO "B30"]
[WhiteElo "2375"]
[BlackElo "2266"]
[Annotator "RC"]
[PlyCount "81"]
[EventDate "2024.11.02"]
[EventType "team-tourn"]
[EventCountry "DEN"]
[SourceTitle "playchess.com"]
[Source "ChessBase"]
[SourceQuality "1"]
[TimeControl "40/5400+30:1800+30"]

1. e4 c5 2. Nf3 Nc6 3. Bb5 Nf6 4. d3 g6 5. Bxc6 dxc6 6. h3 Bg7 7. O-O O-O 8. Nc3 e5 9. Nxe5 Nxe4 10. Nxe4 Bxe5 11. Nxc5 b6 12. Re1 Bg7 13. Ne4 Bb7 14. Bg5 f6 15. Bf4 c5 16. Nd6 Bd5 17. c4 Bc6 18. d4 cxd4 19. Qxd4 Qd7 20. c5 Rad8 21. Rad1 b5 22. Qe3 h5 23. Qb3+ Kh7 24. Re6 a5 25. Rde1 Qa7 26. Qc3 Rd7 27. Ne8 Bd5 28. Nxf6+ Rxf6 29. Rxf6 b4 30. Qe5 Qxc5 31. Qg5 Qc2 32. Rd6 Rxd6 33. Bxd6 Qc6 34. Be5 Qe6 35. b3 a4 36. Bc3 Qd6 37. Bxg7 Kxg7 38. Qe5+ Qxe5 39. Rxe5 axb3 40. axb3 Bxb3 41. Rb5 1-0

[Event "Danish Skakligaen 2024-25"]
[Site "Denmark"]
[Date "2024.11.02"]
[Round "1.3"]
[White "Sylvan, Jacob"]
[Black "Chatalbashev, Boris"]
[Result "1/2-1/2"]
[ECO "B06"]
[WhiteElo "2329"]
[BlackElo "2476"]
[Annotator "TA"]
[PlyCount "72"]
[EventDate "2024.11.02"]
[EventType "team-tourn"]
[EventCountry "DEN"]
[SourceTitle "playchess.com"]
[Source "ChessBase"]
[SourceQuality "1"]
[TimeControl "40/5400+30:1800+30"]

1. e4 g6 2. d4 Bg7 3. Nc3 d6 4. f4 a6 5. Nf3 b5 6. Bd3 Nd7 7. a4 b4 8. Ne2 c5 9. c3 {[%emt 0:00:29] White is slightly better.} Bb7 10. cxb4 cxb4 {[%emt 0:08:49] [#]} (10... cxd4 $1 $11 11. Nexd4 e5) 11. Qb3 ({White should try} 11. a5 $1 $16) 11... Ngf6 12. Ng3 ({Better is} 12. e5 $14) 12... a5 13. f5 O-O 14. O-O Qb6 {[%emt 0:03:13] Threatens to win with ...Ne5.} 15. Kh1 d5 (15... Rae8 $11 {keeps the balance.}) 16. e5 $16 Ne4 17. Bxe4 (17. Bf4 $16) 17... dxe4 $11 18. Ng5 {[%emt 0:00:08] Black must now prevent Be3.} Qxd4 19. fxg6 $1 {[%emt 0:04:07] Strongly threatening Rd1.} Nxe5 (19... Bxe5 $2 20. Nf5 (20. Nxh7 Bd5 $11) (20. Nxf7 Qd5 $18) (20. gxf7+ Kh8 $18) 20... Qd3 21. Nxe7+ Kh8 22. Nxf7+ Rxf7 23. Qxf7 $18) (19... hxg6 $2 20. N3xe4 Qxe5 (20... Bxe4 $2 21. Qh3 $18) 21. Qh3 $18) ({Black should play} 19... Bd5 $1 $11 20. Qd1 Qxd1 (20... Qxe5 $2 21. Rf5 $18) (20... Bxe5 $2 21. Qh5 $18) 21. Rxd1 e6 (21... Nb6 22. gxh7+ Kh8 23. Be3 $16) 22. gxf7+ Kh8) 20. Nf5 $36 {[%emt 0:07:09][%mdl 2048] White is in control. Chess con chili. White is more active. A dynamic duo of knights.} (20. gxf7+ Kh8 $18) 20... Qd3 {[%emt 0:00:08][%cal Rd3f1] [#]} 21. gxf7+ (21. Qxd3 $1 $16 {White threatens Qh3 and mate.} exd3 22. gxf7+ Kh8 23. Nxg7 (23. Nxe7 $2 Ra6 $19) 23... Kxg7 24. Ne6+ Kg6 25. Bf4 (25. Nxf8+ Rxf8 26. Bf4 Nc4 $18) 25... Rxf7 26. Bxe5 Rxf1+ 27. Rxf1) 21... Kh8 $1 $11 22. Qxd3 exd3 (22... Nxd3 $11 23. Nxg7 (23. Nxe7 $2 Ra6 $19) 23... Kxg7 24. Ne6+ Kg6) 23. Nxg7 $16 (23. Nxe7 $2 Ra6 (23... h6 $2 24. Bf4 $17) 24. Nf5 Nxf7 25. Nxg7 Kxg7 $19) 23... Kxg7 24. Ne6+ Kg6 25. Nxf8+ Rxf8 26. Be3 (26. Bf4 $16 Ng4 27. Rad1) 26... Nc4 $15 27. Ba7 (27. Rae1 $1 $15) 27... d2 ({Not} 27... Rxf7 28. Rfd1 $11) (27... Nxb2 $17 28. h4 d2 (28... Rxf7 $2 29. h5+ Kxh5 30. Rxf7 $18)) 28. b3 (28. Rad1 $1 $11 b3 (28... Nxb2 $2 {too greedy.} 29. Rxd2 Ba6 30. Rf3 $18) (28... Rxf7 $2 {loses.} 29. Rxf7 Kxf7 30. b3 $18) 29. Rf4) 28... Nb2 (28... Nd6 $1 $15 29. Kg1 Ne4) 29. Bd4 $11 {[%emt 0:00:10] The position is equal.} d1=Q 30. Raxd1 Nxd1 31. Rxd1 Rxf7 {[%emt 0:03:18] KRB-KRB} 32. Kg1 Be4 33. Rf1 Rxf1+ 34. Kxf1 Bc2 35. Bb6 Bxb3 36. Bxa5 Bxa4 {[%emt 0:01:16] Weighted Error Value: White=0.27 (precise) /Black=0.27 (precise) .  Mistake:       	White=7     	Black=6      Inaccurate:     	White=1     	Black=2      OK:         	White=11    	Black=12     Best:        	White=6     	Black=1      Strong:       	White=1     	Black=1} 1/2-1/2

[Event "Danish Skakligaen 2024-25"]
[Site "Denmark"]
[Date "2024.11.02"]
[Round "1.3"]
[White "Christensen, Stefan"]
[Black "Sorensen, Jan"]
[Result "0-1"]
[ECO "C10"]
[WhiteElo "2199"]
[BlackElo "2370"]
[Annotator "RC"]
[PlyCount "96"]
[EventDate "2024.11.02"]
[EventType "team-tourn"]
[EventCountry "DEN"]
[SourceTitle "playchess.com"]
[Source "ChessBase"]
[SourceQuality "1"]
[TimeControl "40/5400+30:1800+30"]

1. e4 e6 2. d4 d5 3. Nc3 Nc6 4. Nf3 Nf6 5. exd5 exd5 6. Bb5 Bb4 7. O-O O-O 8. Bg5 Bxc3 9. bxc3 Qd6 10. Bxf6 Qxf6 11. h3 Bf5 12. Rb1 b6 13. Re1 Nd8 14. Ne5 c6 15. Bd3 Be6 16. Re3 c5 17. dxc5 bxc5 18. Rb5 Rc8 19. Qe1 Qh4 20. Ra5 Rc7 21. Bf1 Qe7 22. f4 d4 23. Rg3 f6 24. Nc4 Nc6 25. Ra6 Bc8 26. Qxe7 Nxe7 27. Ra3 Rd8 28. cxd4 cxd4 29. Bd3 Be6 30. Nd2 Nf5 31. Rf3 Ne3 32. Nb3 Nxc2 33. Bxc2 Rxc2 34. Rd3 Rc3 35. Nd2 Rxd3 36. Rxd3 Bxa2 37. Nf3 Bc4 38. Rxd4 Rxd4 39. Nxd4 a5 40. Kf2 a4 41. Nc2 Kf7 42. g4 g5 43. Kg3 Ke6 44. h4 h6 45. hxg5 hxg5 46. Kf3 Kd5 47. Ke3 Bb3 48. fxg5 fxg5 0-1

[Event "Danish Skakligaen 2024-25"]
[Site "Denmark"]
[Date "2024.11.02"]
[Round "1.4"]
[White "Aabling-Thomsen, Jakob"]
[Black "Jacobsen, Mikkel Manosri"]
[Result "1/2-1/2"]
[ECO "A06"]
[WhiteElo "2331"]
[BlackElo "2289"]
[Annotator "RC"]
[PlyCount "104"]
[EventDate "2024.11.02"]
[EventType "team-tourn"]
[EventCountry "DEN"]
[SourceTitle "playchess.com"]
[Source "ChessBase"]
[SourceQuality "1"]
[TimeControl "40/5400+30:1800+30"]

1. Nf3 d5 2. g3 g6 3. Bg2 Bg7 4. c4 dxc4 5. Na3 e5 6. h4 Nc6 7. Nxc4 h6 8. d3 Nge7 9. Bd2 Be6 10. Bc3 Bxc4 11. dxc4 O-O 12. Qc2 Nf5 13. h5 Qe7 14. O-O-O e4 15. Bxg7 exf3 16. Bxf8 Qg5+ 17. Kb1 fxg2 18. Rh2 Rxf8 19. Rxg2 Qxh5 20. g4 Qh3 21. Rgg1 Nfe7 22. Qe4 Qh4 23. Qe3 Qg5 24. f4 Qf6 25. Rh1 g5 26. fxg5 Qxg5 27. Qg3 Nf5 28. Qc3 Ne3 29. Rd3 Nxg4 30. Ka1 Nce5 31. Rdh3 Rd8 32. a3 Qf4 33. Rg1 Kh7 34. Rhg3 f5 35. Qb4 Rd7 36. Qxb7 Qxc4 37. Rc3 Qd4 38. Rgc1 c6 39. Qc8 Ne3 40. Qf8 Rf7 41. Qe8 Rg7 42. Rb3 Qd2 43. Rc5 Nd7 44. Rcc3 Rg1+ 45. Ka2 Qd1 46. Rb7 Qb1+ 47. Kb3 Qd1+ 48. Ka2 Qb1+ 49. Kb3 Qd1+ 50. Ka2 Qb1+ 51. Kb3 Qd1+ 52. Ka2 Qb1+ 1/2-1/2

[Event "Danish Skakligaen 2024-25"]
[Site "Denmark"]
[Date "2024.11.02"]
[Round "1.4"]
[White "Christensen, Tobias"]
[Black "Jorgensen, Brian Jorgen"]
[Result "1-0"]
[ECO "A14"]
[WhiteElo "2330"]
[BlackElo "2179"]
[Annotator "RC"]
[PlyCount "87"]
[EventDate "2024.11.02"]
[EventType "team-tourn"]
[EventCountry "DEN"]
[SourceTitle "playchess.com"]
[Source "ChessBase"]
[SourceQuality "1"]
[TimeControl "40/5400+30:1800+30"]

1. c4 e6 2. Nf3 d5 3. g3 Nf6 4. Bg2 Be7 5. O-O O-O 6. d3 c5 7. Bf4 Nc6 8. Ne5 Nxe5 9. Bxe5 d4 10. e3 Nd7 11. exd4 f6 12. Bf4 cxd4 13. Bd2 a5 14. Qe2 e5 15. f4 Bd6 16. Na3 Ra6 17. Nb5 Bb8 18. b4 Re8 19. Rae1 Nf8 20. f5 Kh8 21. bxa5 Bc7 22. Nxc7 Qxc7 23. Qh5 Rd8 24. Bd5 Qe7 25. Rb1 g6 26. fxg6 Nxg6 27. Be4 Nf8 28. Bb4 Qg7 29. Kh1 Ne6 30. Rxf6 Ng5 31. Rxa6 Nxe4 32. Ra8 Nf2+ 33. Kg2 Nxd3 34. Rxc8 Rxc8 35. Qf5 Nf4+ 36. Kh1 Rg8 37. Bd6 Ng6 38. Qe4 Qf6 39. c5 Ra8 40. Qxb7 Rxa5 41. Qc8+ Kg7 42. Qd7+ Kh6 43. Qh3+ Kg5 44. Rf1 1-0

[Event "Danish Skakligaen 2024-25"]
[Site "Denmark"]
[Date "2024.11.02"]
[Round "1.4"]
[White "Meskenas, Paulius"]
[Black "Licznerski, Lukasz"]
[Result "1/2-1/2"]
[ECO "B15"]
[WhiteElo "2264"]
[BlackElo "2422"]
[Annotator "RC"]
[PlyCount "60"]
[EventDate "2024.11.02"]
[EventType "team-tourn"]
[EventCountry "DEN"]
[SourceTitle "playchess.com"]
[Source "ChessBase"]
[SourceQuality "1"]
[TimeControl "40/5400+30:1800+30"]

1. e4 c6 2. d4 d5 3. Nc3 dxe4 4. Nxe4 Nf6 5. Nxf6+ exf6 6. c3 Bd6 7. Bd3 O-O 8. Qc2 Re8+ 9. Ne2 h5 10. O-O h4 11. h3 Nd7 12. Bf4 Nf8 13. Bxd6 Qxd6 14. c4 Bd7 15. Rad1 Re7 16. d5 cxd5 17. cxd5 Ng6 18. Bxg6 fxg6 19. Nc3 g5 20. Rd4 Rae8 21. Qd2 Re5 22. f3 Qb6 23. Kh1 Re1 24. Rxe1 Rxe1+ 25. Qxe1 Qxd4 26. Qe7 Qd2 27. Qxd7 Qe1+ 28. Kh2 Qg3+ 29. Kh1 Qe1+ 30. Kh2 Qg3+ 1/2-1/2

[Event "Danish Skakligaen 2024-25"]
[Site "Denmark"]
[Date "2024.11.02"]
[Round "1.4"]
[White "Thorsen, Adrian Stenstrop"]
[Black "Kristensen, Kaare Hove"]
[Result "1/2-1/2"]
[ECO "A13"]
[WhiteElo "2206"]
[BlackElo "2307"]
[Annotator "RC"]
[PlyCount "83"]
[EventDate "2024.11.02"]
[EventType "team-tourn"]
[EventCountry "DEN"]
[SourceTitle "playchess.com"]
[Source "ChessBase"]
[SourceQuality "1"]
[TimeControl "40/5400+30:1800+30"]

1. Nf3 Nf6 2. g3 d5 3. c4 dxc4 4. Bg2 e6 5. Qc2 c5 6. O-O Nbd7 7. Qxc4 Be7 8. Rd1 a6 9. a4 b5 10. Qc2 Bb7 11. axb5 axb5 12. Rxa8 Qxa8 13. Na3 Qa6 14. d4 c4 15. Ne1 Bxg2 16. Nxg2 Nb6 17. e4 Bxa3 18. bxa3 Qa4 19. Qxa4 Nxa4 20. f3 Kd7 21. Bd2 c3 22. Be1 Rc8 23. Rc1 Ne8 24. Ne3 Nd6 25. Kf2 f5 26. exf5 Nxf5 27. Nxf5 exf5 28. Ke3 Ke6 29. Kd3 Nb2+ 30. Kc2 Nc4 31. Kb3 Ra8 32. Bxc3 Rxa3+ 33. Kb4 Kd5 34. Kxb5 Ra7 35. Re1 Rb7+ 36. Ka4 g6 37. Re8 Nb2+ 38. Ka3 Nd1 39. Bb4 Kxd4 40. Rd8+ Kc4 41. Rxd1 Ra7+ 42. Kb2 1/2-1/2

[Event "Danish Skakligaen 2024-25"]
[Site "Denmark"]
[Date "2024.11.02"]
[Round "1.4"]
[White "Hoiberg, Nina"]
[Black "Aagaard, Jacob"]
[Result "0-1"]
[ECO "B32"]
[WhiteElo "2091"]
[BlackElo "2426"]
[Annotator "RC"]
[PlyCount "142"]
[EventDate "2024.11.02"]
[EventType "team-tourn"]
[EventCountry "DEN"]
[SourceTitle "playchess.com"]
[Source "ChessBase"]
[SourceQuality "1"]
[TimeControl "40/5400+30:1800+30"]

1. e4 c5 2. Nf3 Nc6 3. d4 cxd4 4. Nxd4 Qb6 5. Nb3 Nf6 6. Nc3 e6 7. Be3 Qc7 8. Be2 Bb4 9. O-O Bxc3 10. bxc3 Nxe4 11. Qd3 f5 12. Nc5 Nf6 13. Qc4 Ne5 14. Bf4 Nxc4 15. Bxc7 Nd5 16. Bg3 Na3 17. Bh5+ Ke7 18. Bf3 f4 19. Bh4+ Kd6 20. Ne4+ Kc7 21. g3 Nc4 22. Be2 Ne5 23. c4 f3 24. Bd1 Nb6 25. c5 Nbc4 26. Nd6 Nxd6 27. cxd6+ Kxd6 28. c4 Ng6 29. Bg5 Rf8 30. Bc2 Kc7 31. Be4 d6 32. Rab1 Ne5 33. c5 d5 34. Be7 dxe4 35. Bxf8 Nd3 36. Rfe1 Nxe1 37. Rxe1 Bd7 38. Bd6+ Kc6 39. Rxe4 b6 40. Re3 bxc5 41. Be5 Rf8 42. Bxg7 Rf7 43. Be5 Kb5 44. Kf1 Bc6 45. Rb3+ Kc4 46. Ke1 Rf5 47. Rc3+ Kd5 48. Bb8 Rf7 49. Kd2 c4 50. Ra3 Rb7 51. Bxa7 e5 52. Ra5+ Ke4 53. Ra3 Bd5 54. Be3 h5 55. h4 Rb2+ 56. Kc3 Re2 57. Bc5 Kf5 58. Ra7 e4 59. Rd7 Be6 60. Rd2 Re1 61. Be3 Rxe3+ 62. fxe3 Kg4 63. a4 Kxg3 64. a5 f2 65. Rd1 Kg2 66. Kd4 f1=Q 67. Rxf1 Kxf1 68. Kxe4 Ke2 69. Kd4 c3 70. a6 Bc8 71. Kxc3 Kxe3 0-1

[Event "Danish Skakligaen 2024-25"]
[Site "Denmark"]
[Date "2024.11.02"]
[Round "1.5"]
[White "Percivaldi, Martin"]
[Black "Christensen, Benjamin"]
[Result "1-0"]
[ECO "A05"]
[WhiteElo "2387"]
[BlackElo "2057"]
[Annotator "RC"]
[PlyCount "47"]
[EventDate "2024.11.02"]
[EventType "team-tourn"]
[EventCountry "DEN"]
[SourceTitle "playchess.com"]
[Source "ChessBase"]
[SourceQuality "1"]
[TimeControl "40/5400+30:1800+30"]

1. Nf3 Nf6 2. g3 c5 3. Bg2 Nc6 4. c4 e5 5. Nc3 d6 6. d3 g6 7. O-O h5 8. Bg5 Be7 9. a3 Be6 10. b4 Qd7 11. Rb1 Nh7 12. Bxe7 Kxe7 13. bxc5 Rag8 14. cxd6+ Kf8 15. Ne4 g5 16. Nc5 Qxd6 17. Nxe6+ Qxe6 18. Rxb7 h4 19. d4 Qc8 20. Qb1 h3 21. Bh1 e4 22. Ne5 Nxd4 23. Rxf7+ Ke8 24. Qxe4 1-0

[Event "Danish Skakligaen 2024-25"]
[Site "Denmark"]
[Date "2024.11.02"]
[Round "1.5"]
[White "Pedersen, Nicolai Vesterbaek"]
[Black "Jorgensen, Brian"]
[Result "1-0"]
[ECO "D34"]
[WhiteElo "2344"]
[BlackElo "2258"]
[Annotator "RC"]
[PlyCount "59"]
[EventDate "2024.11.02"]
[EventType "team-tourn"]
[EventCountry "DEN"]
[SourceTitle "playchess.com"]
[Source "ChessBase"]
[SourceQuality "1"]
[TimeControl "40/5400+30:1800+30"]

1. d4 d5 2. c4 e6 3. Nc3 c5 4. cxd5 exd5 5. Nf3 Nf6 6. g3 Nc6 7. Bg2 Be7 8. O-O O-O 9. dxc5 Bxc5 10. Qc2 Qe7 11. Bg5 Be6 12. e4 Nb4 13. Qe2 d4 14. Na4 Bd7 15. Bxf6 gxf6 16. Nxc5 Qxc5 17. Nxd4 Nc6 18. Nb3 Qe7 19. Rac1 Rad8 20. Nc5 Bc8 21. Qe3 Rd6 22. Rfd1 Rfd8 23. Rxd6 Qxd6 24. Bf3 Qe5 25. Nd3 Qb5 26. Be2 Qa4 27. a3 Nd4 28. Nf4 Nxe2+ 29. Qxe2 Re8 30. Rxc8 1-0

[Event "Danish Skakligaen 2024-25"]
[Site "Denmark"]
[Date "2024.11.02"]
[Round "1.5"]
[White "Rostgaard, Tobias Valentin"]
[Black "Hoi, Carsten"]
[Result "1/2-1/2"]
[ECO "A48"]
[WhiteElo "2329"]
[BlackElo "2301"]
[Annotator "RC"]
[PlyCount "89"]
[EventDate "2024.11.02"]
[EventType "team-tourn"]
[EventCountry "DEN"]
[SourceTitle "playchess.com"]
[Source "ChessBase"]
[SourceQuality "1"]
[TimeControl "40/5400+30:1800+30"]

1. Nf3 Nf6 2. d4 g6 3. Bf4 Bg7 4. Nbd2 O-O 5. e4 d6 6. Bd3 Nc6 7. d5 e5 8. dxc6 exf4 9. cxb7 Bxb7 10. O-O Nd7 11. c3 Nc5 12. Bc2 Rb8 13. Re1 Re8 14. Nd4 Qg5 15. b4 Ne6 16. Ba4 Nxd4 17. Bxe8 f3 18. Bxf7+ Kxf7 19. Nxf3 Nxf3+ 20. Qxf3+ Kg8 21. Qd3 Kh8 22. Rad1 Re8 23. Qc4 Qe7 24. Re3 a6 25. Rde1 Be5 26. g3 g5 27. Rf3 Kg7 28. b5 axb5 29. Qxb5 Bc8 30. Kg2 h5 31. a4 Bg4 32. Rfe3 h4 33. a5 Rf8 34. Qd3 Qf6 35. f3 hxg3 36. hxg3 Bxg3 37. Kxg3 Qf4+ 38. Kg2 Bh3+ 39. Kh1 Rh8 40. Qd4+ Kg8 41. Qxh8+ Kxh8 42. a6 Bd7 43. Kg2 Bc6 44. a7 Qe5 45. Ra1 1/2-1/2

[Event "Danish Skakligaen 2024-25"]
[Site "Denmark"]
[Date "2024.11.02"]
[Round "1.5"]
[White "Hove, Esben Kjems"]
[Black "Easwaralingam, Adesh"]
[Result "1-0"]
[ECO "A45"]
[WhiteElo "2283"]
[BlackElo "2202"]
[Annotator "RC"]
[PlyCount "93"]
[EventDate "2024.11.02"]
[EventType "team-tourn"]
[EventCountry "DEN"]
[SourceTitle "playchess.com"]
[Source "ChessBase"]
[SourceQuality "1"]
[TimeControl "40/5400+30:1800+30"]

1. d4 Nf6 2. Bf4 d5 3. e3 c5 4. Nf3 Nc6 5. Nbd2 e6 6. c3 cxd4 7. exd4 Nh5 8. Be3 Bd6 9. Ne5 g6 10. Ndf3 f6 11. Nxc6 bxc6 12. Be2 Nf4 13. Bxf4 Bxf4 14. O-O Qa5 15. b4 Qc7 16. c4 O-O 17. g3 Bh6 18. Re1 Re8 19. Qc2 Qb6 20. Bd3 Bd7 21. Rab1 a5 22. c5 Qc7 23. b5 e5 24. b6 Qb8 25. dxe5 fxe5 26. Bxg6 hxg6 27. Qxg6+ Bg7 28. b7 Ra7 29. Rxe5 Rxe5 30. Nxe5 Rxb7 31. Rxb7 Qxb7 32. Qf7+ Kh8 33. Nxd7 Qb1+ 34. Kg2 Qe4+ 35. Qf3 Qe7 36. Qh5+ Kg8 37. Qf5 Bd4 38. Qg4+ Bg7 39. h4 d4 40. Qf5 Kh8 41. Kf1 Kg8 42. h5 Qf7 43. Qxf7+ Kxf7 44. Nb8 Ke6 45. Nxc6 Kd5 46. Nxa5 Kxc5 47. Ke2 1-0

[Event "Danish Skakligaen 2024-25"]
[Site "Denmark"]
[Date "2024.11.02"]
[Round "1.5"]
[White "Laursen, Niels Norskov"]
[Black "Baekgaard, Martin"]
[Result "1-0"]
[ECO "C44"]
[WhiteElo "2183"]
[BlackElo "2263"]
[Annotator "RC"]
[PlyCount "119"]
[EventDate "2024.11.02"]
[EventType "team-tourn"]
[EventCountry "DEN"]
[SourceTitle "playchess.com"]
[Source "ChessBase"]
[SourceQuality "1"]
[TimeControl "40/5400+30:1800+30"]

1. e4 e5 2. Nf3 Nc6 3. d4 exd4 4. Nxd4 Bb4+ 5. c3 Bc5 6. Be3 Bb6 7. Nf5 g6 8. Bxb6 axb6 9. Ne3 Nf6 10. f3 Qe7 11. Be2 O-O 12. Qd2 Re8 13. Na3 Ra5 14. Nac4 Rh5 15. g4 Rh3 16. O-O-O b5 17. g5 bxc4 18. gxf6 Qxf6 19. Nd5 Qd8 20. Qf4 Re5 21. Bf1 d6 22. Bxh3 Bxh3 23. Rhg1 Be6 24. h4 h5 25. Kb1 Kg7 26. Nb4 Qe8 27. Nxc6 Qxc6 28. Rg5 Qc5 29. Rxe5 dxe5 30. Qg5 f6 31. Qd2 Qe7 32. Qe3 b6 33. Ka1 g5 34. Qf2 Kh6 35. a3 Bd7 36. Qe3 Ba4 37. Rd2 Bd7 38. Qe2 Be6 39. Qe3 Bd7 40. Ka2 Be6 41. Rg2 Qd8 42. Rd2 Qe7 43. Ka1 Kg6 44. Rg2 Kh6 45. Qd2 Bf7 46. Rg1 Be6 47. Qg2 Qd8 48. Qg3 g4 49. f4 Qd3 50. Qf2 Qxe4 51. fxe5 Qxe5 52. Re1 Qf5 53. Qg3 Bd5 54. Qxc7 b5 55. Re8 Qf1+ 56. Ka2 Kg6 57. Rh8 Bf7 58. Qc5 f5 59. Qd6+ Kg7 60. Qh6# 1-0